 Dungeon Crawl Stone Soup version 0.27-a0-898-g810843a28d (webtiles) character file.

Game seed: 17196783887995723322

3080717 Charly the Thanatomancer (level 26, 224/224 HPs)
             Began as a Demigod Hunter on Apr 4, 2021.
             Escaped with the Orb
             ... and 5 runes on Apr 5, 2021!
             The game lasted 06:08:03 (73616 turns).

Charly the Thanatomancer (Demigod Hunter)          Turns: 73616, Time: 06:08:03

Health: 224/224    AC: 44    Str: 45    XL:     26   Next: 49%
Magic:  38/38      EV: 17    Int: 19    God:
Gold:   759        SH: 37    Dex: 28    Spells: 9/39 levels left

rFire    + + .     SeeInvis +   b - +7 sceptre of Torment {pain, torment}
rCold    + + +     Faith    .   Y - +8 tower shield "Forono" {rF+ rC+ Dex+4}
rNeg     + . .     Spirit   .   E - +10 plate armour {rF+}
rPois    +         Reflect  .   G - +2 helmet {SInv}
rElec    +         Harm     .   F - +0 cloak {rCorr}
rCorr    +         Rampage  .   O - +2 pair of gloves of the Centipede {rElec rPois Dex-2 Slay+6}
Will     +++++                  I - +3 pair of boots of Lynarueff {Drain rC++ rN+ Regen+}
Stlth    ..........             U - amulet "Fuinysut" {rC++ Regen+ Int+2 Slay+2}
HPRegen  2.47/turn              m - ring "Muppeuja" {Ice +Blink Will++}
MPRegen  0.26/turn              h - ring "Ykhlul" {Fly Str+6 Int+4 Dex+4}

@: flying, studying Slings
A: high mp 1, forlorn, iridescent scales 1, cold resistance 1, fire resistance
1, strong-willed 1, strong 1, evolution 2, subdued magic 1, inability to read
while threatened
0: Orb of Zot
}: 5/15 runes: barnacled, slimy, silver, abyssal, gossamer
a: Evoke Blink


You escaped.
You visited 9 branches of the dungeon, and saw 51 of its levels.
You visited the Abyss 1 time.
You visited 1 bazaar.
You also visited: Ice Cave and Wizlab.

You collected 9453 gold pieces.
You spent 8694 gold pieces at shops.

Inventory:

Hand Weapons
 a - the +8 fustibalus "Goblinslayer" {flame, rElec}
   (You found it on level 5 of the Pits of Slime)

   It causes projectiles fired from it to burn those they strike, causing extra
   injury to most foes and up to half again as much damage against particularly
   susceptible opponents.
   It insulates you from electricity.
 b - the +7 sceptre of Torment (weapon) {pain, torment}
   (You found it in an ice cave)

   In the hands of one skilled in necromantic magic, it inflicts extra damage on
   living creatures.
 w - the +8 mithril axe "Arga" {speed, Will+}
   (You found it on level 5 of the Pits of Slime)

   Attacks with this weapon are significantly faster.
   It increases your willpower.
 Z - the +10 morningstar "Eschosipn" {antimagic, Will+ Str+4 Int+2}
   (You bought it in a shop on level 5 of the Depths)

   It reduces the magical energy of the wielder, and disrupts the spells and
   magical abilities of those hit.
   Natural abilities and divine invocations are not affected.
   It affects your strength (+4).
   It affects your intelligence (+2).
   It increases your willpower.
Missiles
 c - 32 sling bullets
 e - 4 boomerangs of dispersal
 k - 6 curare-tipped darts
 l - 10 datura-tipped darts
 y - 10 throwing nets (quivered)
 W - 40 atropa-tipped darts
Armour
 E - a +10 plate armour of fire resistance (worn)
 F - a +0 cloak of preservation (worn)
 G - a +2 helmet of see invisible (worn)
 I - the +3 pair of boots of Lynarueff (worn) {Drain rC++ rN+ Regen+}
   (You bought it in a shop on level 9 of the Dungeon)

   It greatly protects you from cold.
   It protects you from negative energy.
   It increases your rate of health regeneration.
   It drains your maximum health when unequipped.
 O - the +2 pair of gloves of the Centipede (worn) {rElec rPois Dex-2 Slay+6}
   (You bought it in a shop on level 4 of the Vaults)

   It affects your dexterity (-2).
   It affects your accuracy and damage with ranged weapons and melee attacks
   (+6).
   It insulates you from electricity.
   It protects you from poison.
 Y - the +8 tower shield "Forono" (worn) {rF+ rC+ Dex+4}
   (You took it off Louise on level 4 of the Spider Nest)

   It affects your dexterity (+4).
   It protects you from fire.
   It protects you from cold.
Jewellery
 h - the ring "Ykhlul" (right hand) {Fly Str+6 Int+4 Dex+4}
   (You found it on level 14 of the Dungeon)

   [ring of strength]

   It affects your strength (+6).
   It affects your intelligence (+4).
   It affects your dexterity (+4).
   It grants you flight.
 m - the ring "Muppeuja" (left hand) {Ice +Blink Will++}
   (You found it on level 13 of the Dungeon)

   [ring of ice]

   It enhances your ice magic.
   It makes you vulnerable to fire.
   It protects you from cold.
   It lets you blink.
   It greatly increases your willpower.
 p - the ring "Kov Ynekk" {rPois Dex+6}
   (You bought it in a shop on level 2 of the Shoals)

   [ring of dexterity]

   It affects your dexterity (+6).
   It protects you from poison.
 U - the amulet "Fuinysut" (around neck) {rC++ Regen+ Int+2 Slay+2}
   (You bought it in a shop on level 12 of the Dungeon)

   [amulet of regeneration]

   It affects your intelligence (+2).
   It affects your accuracy and damage with ranged weapons and melee attacks
   (+2).
   It greatly protects you from cold.
   It increases your rate of health regeneration.
Wands
 g - a wand of iceblast (9)
 J - a wand of digging (15)
 T - a wand of acid (36)
 X - a wand of charming (19)
Scrolls
 f - 6 scrolls of silence
 j - 3 scrolls of fog
 s - a scroll of holy word
 v - a scroll of summoning
 K - a scroll of magic mapping
 N - 5 scrolls of fear
 P - 6 scrolls of blinking
 S - 4 scrolls of immolation
 V - 24 scrolls of teleportation
Potions
 d - 9 potions of heal wounds
 q - 30 potions of curing
 r - 8 potions of brilliance
 u - 2 potions of mutation
 x - 6 potions of magic
 z - a potion of haste
 A - 4 potions of resistance
 B - 4 potions of might
 M - 7 potions of cancellation
 Q - 3 potions of berserk rage
 R - 12 potions of attraction
Miscellaneous
 o - a tin of tremorstones (2/2)
 t - a lightning rod (4/4)
 C - a phial of floods
 D - a condenser vane
 H - a phantom mirror
 L - a box of beasts


   Skills:
 + Level 15.8 Fighting
 + Level 15.1(17.2) Axes
 - Level 14.5(16.9) Maces & Flails
 - Level 14.0 Slings
 + Level 17.4 Armour
 - Level 9.4 Dodging
 - Level 0.8 Stealth
 + Level 20.4 Shields
 - Level 7.0 Spellcasting
 - Level 4.3 Hexes
 * Level 21.6 Necromancy
 + Level 10.6 Translocations


You had 9 spell levels left.
You knew the following spells:

 Your Spells              Type           Power      Damage    Failure   Level
a - Animate Dead          Necr           31%        N/A       1%          4
b - Blink                 Tloc           N/A        N/A       1%          2
c - Death Channel         Necr           31%        N/A       1%          6
p - Portal Projectile     Hex/Tloc       54%        N/A       5%          3
q - Swiftness             Air            5%         N/A       56%         2
v - Borgnjor's Vile Clut  Necr/Erth      18%        N/A       14%         5
A - Manifold Assault      Tloc           36%        N/A       16%         5
P - Passwall              Tmut/Erth      4%         N/A       56%         2
Z - Apportation           Tloc           72%        N/A       1%          1

Your spell library contained the following spells:

 Spells                   Type           Power      Damage    Failure   Level
 Animate Skeleton         Necr           100%       N/A       0%          1
 Pain                     Necr           100%       1d9       0%          1
 Vampiric Draining        Necr           31%        2d10      0%          3
 Gell's Gravitas          Tloc           18%        N/A       1%          3
 Lesser Beckoning         Tloc           18%        N/A       1%          3
 Teleport Other           Tloc           36%        N/A       1%          3
 Agony                    Necr           62%        N/A       1%          5
 Passage of Golubria      Tloc           N/A        N/A       4%          4
 Corona                   Hex            18%        N/A       7%          1
 Slow                     Hex            17%        N/A       11%         2
 Confusing Touch          Hex            17%        N/A       22%         3
 Tukima's Dance           Hex            17%        N/A       22%         3
 Ensorcelled Hibernation  Hex/Ice        34%        N/A       28%         2
 Beastly Appendage        Tmut           10%        N/A       41%         1
 Foxfire                  Conj/Fire      20%        2x1d5     41%         1
 Magic Dart               Conj           20%        1d4       41%         1
 Shock                    Conj/Air       20%        1d4       41%         1
 Sting                    Tmut/Pois      20%        1d4       41%         1
 Summon Small Mammal      Summ           20%        N/A       41%         1
 Iskenderun's Mystic Bla  Conj/Tloc      20%        2d6       45%         4
 Dazzling Flash           Conj/Hex       22%        N/A       50%         3
 Inner Flame              Hex/Fire       11%        N/A       50%         3
 Summon Guardian Golem    Hex/Summ       11%        N/A       50%         3
 Call Imp                 Summ           5%         N/A       56%         2
 Poisonous Vapours        Pois/Air       10%        N/A       56%         2
 Searing Ray              Conj           10%        3d3       56%         2
 Wereblood                Tmut           5%         N/A       56%         2
 Cause Fear               Hex            8%         N/A       61%         4
 Simulacrum               Ice/Necr       26%        N/A       63%         6
 Dispersal                Tloc           18%        N/A       65%         6
 Call Canine Familiar     Summ           5%         N/A       80%         3
 Conjure Flame            Conj/Fire      5%         6-21      80%         3
 Frozen Ramparts          Ice            14%        1d3       80%         3
 Ignite Poison            Fire/Tmut/Pois 5%         N/A       80%         3
 Mephitic Cloud           Conj/Pois/Air  5%         N/A       80%         3
 Spider Form              Tmut/Pois      2%         N/A       80%         3
 Static Discharge         Conj/Air       5%         N/A       80%         3
 Summon Forest            Summ/Tloc      10%        N/A       82%         5
 Fulminant Prism          Conj/Hex       5%         3d7       89%         4
 Leda's Liquefaction      Hex/Erth       5%         N/A       89%         4
 Airstrike                Air            2%         N/A       99%         4
 Animate Armour           Summ/Erth      10%        N/A       99%         4
 Ice Form                 Ice/Tmut       7%         N/A       99%         4
 Olgreb's Toxic Radiance  Pois           5%         N/A       99%         4
 Petrify                  Tmut/Erth      5%         N/A       99%         4
 Sticky Flame             Conj/Fire      5%         2d3       99%         4
 Summon Ice Beast         Ice/Summ       7%         N/A       99%         4
 Summon Lightning Spire   Summ/Air       5%         N/A       99%         4
 Metabolic Englaciation   Hex/Ice        8%         N/A       99%         5
 Silence                  Hex/Air        5%         N/A       99%         5
 Yara's Violent Unravell  Hex/Tmut       5%         3d4       99%         5
 Alistair's Intoxication  Tmut/Pois      3%         N/A       100%        5
 Bolt of Magma            Conj/Fire/Erth 2%         4d4       100%        5
 Fireball                 Conj/Fire      2%         3d4       100%        5
 Hydra Form               Tmut           2%         N/A       100%        5
 Irradiate                Conj/Tmut      2%         3d14      100%        5
 Iskenderun's Battlesphe  Conj           5%         2d6       100%        5
 Lee's Rapid Deconstruct  Erth           2%         3d6*      100%        5
 Lightning Bolt           Conj/Air       2%         1d14      100%        5
 Blade Hands              Tmut           2%         N/A       100%        6
 Freezing Cloud           Conj/Ice/Air   3%         6-21      100%        6
 Invisibility             Hex            17%        N/A       100%        6
 Iron Shot                Conj/Erth      2%         9d2       100%        6
 Shadow Creatures         Summ           N/A        N/A       100%        6
 Statue Form              Tmut/Erth      3%         N/A       100%        6
 Dragon Form              Tmut           2%         N/A       100%        7
 Malign Gateway           Summ/Tloc      10%        N/A       100%        7
 Orb of Destruction       Conj           2%         9d1       100%        7
 Ozocubu's Refrigeration  Ice            3%         4d5       100%        7
 Spellforged Servitor     Conj/Summ      2%         N/A       100%        7
 Disjunction              Tloc           18%        N/A       100%        8


Dungeon Overview and Level Annotations

Branches:
Dungeon (15/15)            Temple (0/1) D:7            Lair (6/6) D:10
 Shoals (4/4) Lair:4       Spider (4/4) Lair:4        Slime (5/5) Lair:6
    Orc (2/2) D:9             Elf (0/3) Orc:2        Vaults (5/5) D:13
  Crypt (0/3) Vaults:2     Depths (5/5) D:15            Zot (5/5) Depths:5
  IceCv (visited)          WizLab (visited)

Shops:
D:9 [   D:11 :   D:12 =(   Orc:2 :![:   Shoals:1 (   Shoals:2 **   Vaults:1 *
Vaults:2 ??(=(   Vaults:4 [:(*:   Depths:1 (*   Depths:5 :(?::

Portals:
Hell: Depths:1 Depths:2 Depths:3 Depths:4 Depths:5
Abyss: Lair:5 Depths:2 Depths:3 Depths:4 Depths:5
Pandemonium: Depths:3
Ziggurat: Depths:1

Annotations:
D:8 Psyche
D:14 3 runed translucent doors, Pibbaybb's ghost, journeyman MiFi
Spider:3 Roxanne
Depths:5 3 runed translucent doors, Famah's ghost, veteran TrDe


Innate Abilities, Weirdness & Mutations

Your attributes grow dramatically as you level up.
You have an increased reservoir of magic. (+10% MP)
You shall have no god before yourself.
You are partially covered in iridescent scales. (AC +2)
Your flesh is cold resistant. (rC+)
Your flesh is heat resistant. (rF+)
You are strong-willed. (Will+)
Your muscles are strong. (Str +2)
You rapidly evolve.
Your spells are a little easier to cast, but a little less powerful.
You sometimes lose the ability to read scrolls when taking damage.


Message History

There is a stone staircase leading down here.
(D) Dungeon (T) Temple (L) Lair (A) Shoals (N) Spider Nest (M) Slime Pits (O) Orcish Mines (E) Elven Halls (V) Vaults (C) Crypt (U) Depths (H) Hell (Z) Zot
Where to? (Enter - D:1 @ (x,y), ? - help)
Things that are here:
a +0 spear; a +0 halberd You see here a +0 club.
There is a stone staircase leading up, spattered with blood here.
You fly upwards.
There is a stone staircase leading down here.
A tormentor comes into view.
The tormentor calls on the powers of darkness!
Your body is wracked with pain!
Okay, then.
The tormentor calls on the powers of darkness!
Your body is wracked with pain!
You feel threatened and lose the ability to read scrolls!
There is a stone staircase leading up here.
You fly upwards.
There is a stone staircase leading down here.
(D) Dungeon (T) Temple (L) Lair (A) Shoals (N) Spider Nest (M) Slime Pits (O) Orcish Mines (E) Elven Halls (V) Vaults (C) Crypt (U) Depths (H) Hell (Z) Zot
Where to? (Enter - D:1 @ (x,y), ? - help)
You can read scrolls again.
There is a stone staircase leading up here.
You fly upwards.
There is a stone staircase leading down here.
There is a stone staircase leading up here.
You fly upwards.
There is a stone staircase leading down here.
There is a stone staircase leading up, spattered with blood here.
You fly upwards.
There is a stone staircase leading down here.
HP restored.
There is a staircase leading out of the dungeon here.
You have escaped!

#.#...###............##.....#
......# #....#######..#####.#
#.#..####...##.....+#..## #.#
...........##.......##..###.#
..........##.........##....>#
#.#......##...........###.###
#[#....#+#.............##.#
#.#..#.##..............##.#
#.#..#..........@.........#
#......##..............##.#
#.......##.............'..#
#....##..#+...........##.##
#....##..###.........##..#
.....##..# ##.......##..##
##...##..## ##.....##..##
#...##...##########..##
###### ######.#.##.........##
#....#


There were no monsters in sight!

Vanquished Creatures
  the Royal Jelly (Slime:5)
  2 orbs of fire (Zot:5)
  2 dread liches
  2 ancient liches
  3 juggernauts
  6 Killer Klowns (Zot:5)
  Saint Roka (Depths:2)
  3 curse toes
  15 golden dragons
  Jory (Vaults:5)
  Arachne (Spider:2)
  A Tzitzimitl (Zot:5)
  3 electric golems
  A hellephant (Abyss:2)
  26 Orb Guardians
  A Hell Sentinel (Abyss:2)
  16 tentacled monstrosities
  Jorgrun (Spider:3)
  2 liches
  3 quicksilver dragons
  4 titans
  6 sphinxes
  18 acid blobs
  Asterion (Spider:4)
  An eldritch tentacle (WizLab)
  7 tentacled starspawn
  5 tengu reavers
  7 death cobs
  16 storm dragons
  13 shadow dragons
  7 azure jellies
  14 fire giants
  9 rockslimes
  2 draconian knights
  2 cacodemons
  Ilsuiw (Shoals:2)
  3 deep elf sorcerers
  9 draconian scorchers
  6 ghost moths
  8 emperor scorpions
  11 frost giants
  2 iron dragons
  5 orc warlords
  Louise (Spider:4)
  4 draconian shifters
  10 vault wardens
  14 ironbound preservers
  5 quicksilver oozes
  An angel (D:10)
  3 draconian stormcallers
  An ophan (Abyss:1)
  2 spriggan defenders
  A juggernaut skeleton (D:15)
  4 draconian annihilators
  36 very ugly things
  3 war gargoyles
  A reaper (Abyss:1)
  19 stone giants
  3 vampire knights
  Azrael (Spider:3)
  The ghost of Meonig the Carver, a journeyman HaWr of Ashenzari (Lair:5)
  6 white draconians
  8 green draconians
  A deep elf demonologist (Depths:2)
  11 black draconians
  A lorocyproca (Abyss:3)
  8 red draconians
  6 yellow draconians
  7 dire elephants
  10 purple draconians
  2 bunyips (shapeshifter)
  An entropy weaver (Spider:1)
  2 merfolk javelineers
  12 spark wasps
  16 fire dragons
  9 yaktaur captains
  8 merfolk impalers
  24 ettins
  A deep elf death mage (D:15)
  A crystal guardian (Vaults:4)
  15 great orbs of eyes
  Josephine (D:10)
  3 deep elf high priests
  38 vault guards
  9 ice dragons
  A jiangshi (Vaults:2)
  A naga warrior (Abyss:1)
  A boulder beetle (D:13)
  5 rakshasas
  Erolcha (D:10)
  Harold (D:7)
  A catoblepas (Lair:6)
  7 ironbound thunderhulks
  Erica (D:10)
  A peacekeeper (Vaults:4)
  An ogre mage (Vaults:5)
  11 centaur warriors
  10 hydras
  2 spriggan air magi
  A merfolk avatar (Shoals:3)
  2 alligator snapping turtles
  2 merfolk aquamancers (Shoals:4)
  9 two-headed ogres
  7 ironbound frosthearts
  A death knight (D:12)
  6 deep troll shamans
  An alligator (shapeshifter) (Depths:4)
  A satyr (Shoals:3)
  A hell hog (Lair:5)
  4 tengu warriors
  11 deep troll earth magi
  3 death yaks (Lair:6)
  4 vampire magi
  A shock serpent (shapeshifter) (Vaults:5)
  8 spriggan berserkers
  5 orc high priests
  2 soul eaters (Depths:1)
  7 hell knights
  7 ironbound beastmasters
  A sun demon (Zot:5)
  8 thrashing horrors
  The ghost of CypherZel the Fighter, a novice HONe of Beogh (D:7)
  6 wretched stars
  A storm dragon zombie (D:15)
  A titan skeleton (Depths:3)
  A spriggan (Lair:5)
  2 shadow wraiths
  4 sixfirhies
  10 iron trolls
  13 skeletal warriors
  52 deep trolls
  6 glowing orange brains
  A shadow demon (Zot:5)
  9 flayed ghosts
  11 sea snakes
  A sphinx zombie (Depths:3)
  A gelid demonspawn (Depths:3)
  17 ironbound convokers
  2 golden dragon skeletons (Depths:1)
  18 starcursed masses
  7 lindwurms
  An anaconda skeleton (WizLab)
  4 phantasmal warriors
  An obsidian statue (WizLab)
  9 wizards
  4 deep elf pyromancers
  A frost giant zombie (Depths:1)
  12 harpies
  17 orc knights
  8 necromancers
  A faun (shapeshifter) (Depths:4)
  19 orb spiders
  A moth of wrath (shapeshifter) (Vaults:5)
  An oklob plant (Shoals:1)
  26 wolf spiders
  43 ugly things
  8 fauns
  A stone giant zombie (Depths:1)
  3 orc sorcerers
  9 cyclopes
  A will-o-the-wisp (Abyss:1)
  7 shining eyes
  15 manticores
  A salamander (Depths:2)
  25 moths of wrath
  3 apocalypse crabs
  13 elephants
  3 worldbinders
  7 vault sentinels
  An elephant (shapeshifter) (Vaults:5)
  2 ice statues (IceCv)
  3 eyes of devastation
  11 water nymphs
  4 merfolk sirens
  A titan simulacrum (Depths:3)
  2 fire giant skeletons (Depths:1)
  4 black mambas
  2 frost giant skeletons
  A rust devil (Depths:3)
  2 torpor snails
  A guardian serpent (Abyss:1)
  3 smoke demons
  13 cane toads
  A water nymph (shapeshifter) (Depths:3)
  A gargoyle (D:11)
  6 komodo dragons
  3 orange demons
  3 rime drakes
  3 unseen horrors
  17 yaktaurs
  2 efreet
  A spectral glowing shapeshifter (Depths:1)
  2 hellions
  3 hellwings
  2 kobold demonologists (D:14)
  4 freezing wraiths
  10 demonic crawlers
  9 ice devils
  2 tengu conjurers
  A human skeleton (WizLab)
  A red devil (Depths:3)
  5 ancient zymes
  40 jumping spiders
  2 silent spectres
  4 polar bears (Lair:6)
  24 merfolk
  3 trolls
  A hornet (Lair:5)
  3 wind drakes
  Prince Ribbit (D:7)
  A wind drake (shapeshifter) (D:15)
  9 blink frogs
  A deep troll zombie (Depths:1)
  6 dream sheep (Shoals:2)
  13 raiju
  An elf zombie (Depths:3)
  11 snapping turtles
  90 slime creatures
  4 flying skulls (Abyss:2)
  An air elemental (WizLab)
  58 redbacks
  A shadow (D:11)
  11 water elementals
  23 tarantellas
  3 ynoxinuls
  A wyvern (Lair:2)
  A fire bat (Abyss:1)
  A fire bat (shapeshifter) (Depths:1)
  70 yaks
  2 fire dragon skeletons
  A spriggan skeleton (Depths:3)
  A vampire (D:13)
  10 wraiths
  3 fire elementals (Spider:3)
  5 golden eyes (Slime:1)
  3 basilisks
  A steam dragon (D:6)
  3 chaos spawn
  An elf skeleton (WizLab)
  12 vampire mosquitoes
  2 spatial vortices (WizLab)
  Menkaure (D:7)
  4 neqoxecs (Abyss:1)
  A naga (Abyss:1)
  An acid dragon (D:9)
  5 wargs
  A swamp worm (shapeshifter) (Lair:5)
  3 hell hounds (Spider:3)
  A water moccasin (shapeshifter) (Vaults:3)
  4 floating eyes
  17 water moccasins
  Duvessa (D:7)
  3 ice beasts
  11 large abominations
  3 sky beasts
  2 black bears
  2 necrophages (D:4)
  An ogre (shapeshifter) (Vaults:5)
  40 orc warriors
  An ice dragon simulacrum (Depths:1)
  14 ogres
  9 boggarts
  10 centaurs
  12 small abominations
  33 wolves
  A kobold brigand (D:7)
  19 bullfrogs
  A cane toad simulacrum (Abyss:1)
  2 gnoll sergeants
  5 scorpions
  Dowan (D:7)
  A water moccasin skeleton (D:5)
  A killer bee (shapeshifter) (Vaults:5)
  16 killer bees
  12 wights
  4 electric eels
  7 hounds
  2 quasits
  6 centaur zombies
  A human zombie (D:4)
  A centaur skeleton (D:4)
  30 orc priests
  4 jellies (D:6)
  Crazy Yiuf (D:5)
  A bullfrog skeleton (D:5)
  2 iron imps
  4 iguanas
  25 orc wizards
  A killer bee zombie (D:6)
  A hound zombie (D:4)
  A hound skeleton (D:5)
  3 mummies (D:4)
  19 gnolls
  A howler monkey zombie (D:7)
  A howler monkey skeleton (D:5)
  9 adders
  29 white imps
  13 ufetubi
  2 adder zombies (D:4)
  5 worms (Lair:4)
  2 dart slugs
  135 orcs
  7 ball pythons
  9 endoplasms
  3 giant cockroaches
  12 goblins
  10 hobgoblins
  5 jackals (D:2)
  10 kobolds
  3 quokkas
  5 bats
  5 frilled lizards
  6 rats
  A lurking horror (Abyss:1)
  4 starspawn tentacles
2285 creatures vanquished.

Vanquished Creatures (collateral kills)
  An orb of fire (Zot:5)
  2 Killer Klowns
  An electric golem (Zot:2)
  2 tentacled monstrosities
  2 Orb Guardians (Zot:5)
  2 titans (Vaults:5)
  A tengu reaver (Vaults:5)
  A draconian monk (Zot:5)
  A shadow dragon (Vaults:5)
  2 storm dragons
  A deep elf sorcerer (Vaults:5)
  An iron dragon (Vaults:5)
  A very ugly thing (Vaults:5)
  2 green draconians
  2 black draconians
  A deep elf demonologist (Vaults:5)
  3 stone giants (Vaults:5)
  2 white draconians
  A yellow draconian (Zot:2)
  A purple draconian (Zot:3)
  2 red draconians (Zot:3)
  4 ettins (Vaults:5)
  3 yaktaur captains (Vaults:5)
  2 vault guards (D:13)
  An ice dragon (Zot:4)
  3 ogre magi (Vaults:5)
  3 two-headed ogres
  2 ironbound convokers (Vaults:5)
  3 moths of wrath
  A vault sentinel (Vaults:5)
  A troll (Vaults:5)
  An orc warrior (Vaults:5)
  A black bear (shapeshifter) (D:13)
  An ogre (Vaults:5)
58 creatures vanquished.

Vanquished Creatures (others)
  A golden dragon (Zot:4)
  A lich (Depths:3)
  A ghost moth (Zot:2)
  A reaper (IceCv)
  A red draconian (Zot:5)
  A small abomination (Abyss:2)
  A white imp (IceCv)
  An ufetubus (IceCv)
  An orc (D:13)
  55 fungi
  A lurking horror (Abyss:1)
  116 plants
  9 starspawn tentacles
  A withered plant (D:15)
191 creatures vanquished.

Grand Total: 2534 creatures vanquished

Notes
Turn   | Place    | Note
-------+----------+-------------------------------------------
     0 | D:1      | Charly the Demigod Hunter began the quest for the Orb.
     0 | D:1      | Reached XP level 1. HP: 17/17 MP: 3/3
   261 | D:1      | Reached XP level 2. HP: 24/24 MP: 4/4
  1110 | D:2      | Reached XP level 3. HP: 30/30 MP: 5/5
  2255 | D:3      | Reached XP level 4. HP: 38/38 MP: 6/6
  3388 | D:3      | Reached skill level 5 in Slings
  3388 | D:3      | Reached XP level 5. HP: 46/46 MP: 7/7
  3617 | D:4      | Reached XP level 6. HP: 53/53 MP: 8/8
  4104 | D:4      | Reached skill level 5 in Fighting
  4256 | D:4      | Reached XP level 7. HP: 38/61 MP: 9/9
  4896 | D:5      | Entered Level 5 of the Dungeon
  5610 | D:5      | Reached XP level 8. HP: 71/71 MP: 10/10
  6113 | D:5      | Found a runed translucent door.
  6113 | D:5      | Noticed Crazy Yiuf
  7754 | D:7      | Found a transporter.
  7755 | D:7      | Noticed CypherZel's ghost (novice HONe)
  7767 | D:7      | Reached XP level 9. HP: 73/81 MP: 11/11
  8166 | D:7      | Reached skill level 1 in Armour
  8935 | D:7      | Noticed Prince Ribbit
  8943 | D:7      | Killed Prince Ribbit
  9080 | D:7      | Noticed Duvessa
  9120 | D:7      | Killed Duvessa
  9135 | D:7      | Noticed Dowan
  9140 | D:7      | Killed Dowan
  9629 | D:7      | Found a transporter.
  9702 | D:7      | Noticed Menkaure
  9931 | D:7      | Killed Menkaure
 10225 | D:7      | Noticed Harold
 10652 | D:8      | Reached XP level 10. HP: 68/91 MP: 13/13
 11269 | D:8      | Noticed Psyche
 11409 | D:9      | Identified the +8 broad axe "Miument" {pain, rF++ Will+
                  | Int+4 Dex-4}
 11521 | D:9      | Noticed a two-headed ogre
 11560 | D:9      | Killed a two-headed ogre
 11561 | D:9      | Reached skill level 10 in Slings
 12025 | D:9      | Reached skill level 5 in Dodging
 12263 | D:9      | Noticed a two-headed ogre
 12282 | D:9      | Killed a two-headed ogre
 12596 | D:9      | Found a staircase to the Orcish Mines.
 12669 | D:9      | Reached skill level 5 in Armour
 12768 | D:9      | Noticed a two-headed ogre
 12787 | D:9      | Killed a two-headed ogre
 13106 | D:9      | Found Yptunnui's Armour Shop.
 13614 | D:10     | Entered Level 10 of the Dungeon
 14394 | D:10     | Noticed Josephine
 14401 | D:10     | Noticed Erica
 14671 | D:10     | Noticed a two-headed ogre
 14703 | D:10     | Noticed Erolcha
 14706 | D:10     | Noticed a two-headed ogre
 14708 | D:10     | Killed Erolcha
 14709 | D:10     | Reached XP level 11. HP: 98/98 MP: 14/14
 15564 | D:10     | Reached skill level 10 in Fighting
 16263 | D:10     | Killed Erica
 16347 | D:9      | Killed a two-headed ogre
 16849 | D:10     | Killed a two-headed ogre
 17064 | D:10     | Killed Josephine
 17373 | D:10     | Found a staircase to the Lair.
 17528 | Lair:1   | Entered Level 1 of the Lair of Beasts
 18377 | Lair:1   | Reached skill level 1 in Axes
 18732 | Lair:1   | Reached skill level 1 in Necromancy
 19212 | D:9      | Bought the +3 pair of boots of Lynarueff {Drain rC++ rN+
                  | Regen+} for 511 gold pieces
 19458 | Lair:1   | Reached skill level 2 in Necromancy
 19620 | Lair:2   | Reached XP level 12. HP: 100/107 MP: 15/15
 19738 | Lair:2   | Reached skill level 3 in Necromancy
 19875 | Lair:2   | Reached skill level 5 in Axes
 19999 | Lair:2   | Identified the +0 pair of boots of the Nexus {Int+8}
 20201 | Lair:2   | Reached skill level 4 in Necromancy
 20728 | Lair:3   | Noticed a seven-headed hydra
 20809 | Lair:3   | Killed a seven-headed hydra
 20810 | Lair:3   | Reached skill level 5 in Necromancy
 21396 | Lair:4   | Identified a scroll of acquirement
 21397 | Lair:4   | Acquired 1209 gold pieces
 21492 | D:9      | Bought a +0 pair of gloves for 54 gold pieces
 21884 | Lair:4   | Found a hole to the Spider Nest.
 21972 | Lair:4   | Noticed an eight-headed hydra
 21998 | Lair:4   | Killed an eight-headed hydra
 22120 | Lair:4   | Reached skill level 6 in Necromancy
 22156 | Lair:4   | Found a staircase to the Shoals.
 22587 | Lair:4   | Learned a level 4 spell: Animate Dead
 22590 | Lair:4   | Learned a level 2 spell: Blink
 22592 | Lair:4   | Learned a level 1 spell: Apportation
 22594 | Lair:4   | Learned a level 1 spell: Corona
 22609 | Lair:5   | Reached XP level 13. HP: 97/114 MP: 16/16
 22727 | Lair:5   | Found a transporter.
 22732 | Lair:5   | Noticed Meonig's ghost (journeyman HaWr)
 22759 | Lair:5   | Found a transporter.
 22806 | Lair:5   | Reached skill level 1 in Translocations
 22868 | Lair:5   | Reached skill level 1 in Spellcasting
 23495 | Lair:6   | Entered Level 6 of the Lair of Beasts
 23861 | Lair:6   | Found a staircase to the Slime Pits.
 23981 | Lair:6   | Reached skill level 10 in Axes
 23981 | Lair:6   | Reached skill level 7 in Necromancy
 25341 | D:5      | Killed Crazy Yiuf
 25524 | D:7      | Found a staircase to the Ecumenical Temple.
 25528 | D:7      | Killed Harold
 25750 | D:7      | Killed CypherZel's ghost
 26373 | D:11     | Found Kiexul's Book Boutique.
 26694 | D:12     | Noticed Sonja
 26696 | D:12     | Noticed Sonja
 26696 | D:12     | Sonja changed into Sonja the water moccasin
 26704 | D:12     | Killed Sonja the water moccasin
 26712 | D:12     | Reached XP level 14. HP: 91/122 MP: 15/24
 26939 | D:12     | Found Voxzuxax's Antique Weapon Shoppe.
 27026 | D:12     | Found Deyfru Xoko's Jewellery Shoppe.
 27034 | D:12     | Bought the amulet "Fuinysut" {rC++ Regen+ Int+2 Slay+2} for
                  | 1140 gold pieces
 27202 | D:12     | Reached skill level 8 in Necromancy
 27426 | D:12     | Reached skill level 5 in Translocations
 27581 | D:13     | Identified the ring "Muppeuja" {Ice +Blink Will++}
 27621 | D:13     | Found a frozen archway.
 27682 | D:13     | Found a gate to the Vaults.
 27857 | IceCv    | Entered an ice cave
 27875 | IceCv    | Reached skill level 5 in Spellcasting
 28135 | IceCv    | Noticed a reaper
 28189 | IceCv    | Killed a reaper
 28237 | IceCv    | Found the +7 sceptre of Torment {pain, torment}
 28449 | D:13     | Learned a level 5 spell: Agony
 28493 | D:13     | Reached skill level 1 in Maces & Flails
 29063 | D:14     | Identified the ring "Ykhlul" {Fly Str+6 Int+4 Dex+4}
 29088 | D:14     | Identified the +3 ring mail of the Undertaker {Will+}
 29169 | D:14     | Learned a level 2 spell: Swiftness
 29172 | D:14     | Learned a level 2 spell: Passwall
 29234 | D:14     | Found a runed translucent gate.
 29237 | D:14     | Found a runed translucent gate.
 29237 | D:14     | Found a runed translucent gate.
 29240 | D:14     | Noticed Pibbaybb's ghost (journeyman MiFi)
 29534 | D:14     | Reached skill level 1 in Hexes
 29534 | D:14     | Reached skill level 9 in Necromancy
 29733 | D:14     | Identified the +1 robe of Contentment {Slay+2}
 29989 | D:15     | Entered Level 15 of the Dungeon
 30031 | D:15     | Found a staircase to the Depths.
 30526 | D:15     | Reached XP level 15. HP: 128/128 MP: 28/28
 30803 | D:13     | Reached skill level 5 in Maces & Flails
 30909 | Orc:1    | Entered Level 1 of the Orcish Mines
 31117 | Orc:2    | Entered Level 2 of the Orcish Mines
 31859 | Orc:2    | Found Gaufitea's Distillery.
 31859 | Orc:2    | Found Irri's Book Boutique.
 31860 | Orc:2    | Found Inwucir's Antique Armour Shop.
 32005 | Orc:2    | Found Xairaneitt's Book Shop.
 32008 | Orc:2    | Bought a potion of heal wounds for 70 gold pieces
 32016 | Orc:2    | Bought a potion of curing for 42 gold pieces
 32016 | Orc:2    | Bought a potion of attraction for 42 gold pieces
 32016 | Orc:2    | Bought a potion of curing for 42 gold pieces
 32016 | Orc:2    | Bought a potion of curing for 42 gold pieces
 32016 | Orc:2    | Bought a potion of resistance for 140 gold pieces
 32016 | Orc:2    | Bought a potion of mutation for 112 gold pieces
 32016 | Orc:2    | Bought a potion of curing for 42 gold pieces
 32016 | Orc:2    | Bought a potion of curing for 42 gold pieces
 32152 | Orc:2    | Found a staircase to the Elven Halls.
 32715 | Shoals:1 | Entered Level 1 of the Shoals
 32982 | Shoals:1 | Found Woag's Antique Weapon Shop.
 33907 | Shoals:2 | Noticed Ilsuiw
 34218 | Spider:1 | Entered Level 1 of the Spider Nest
 34235 | Spider:1 | Reached skill level 10 in Necromancy
 35530 | Spider:2 | Reached XP level 16. HP: 135/135 MP: 31/31
 35534 | Spider:2 | Identified the +6 hunting sling "Oluygam" {vorpal, rPois}
 35891 | Spider:3 | Noticed Arachne
 35948 | Spider:2 | Killed Arachne
 35949 | Spider:2 | Reached skill level 10 in Maces & Flails
 35949 | Spider:2 | Reached skill level 11 in Necromancy
 36217 | Spider:3 | Noticed Jorgrun
 36236 | Spider:3 | Killed Jorgrun
 36503 | Spider:3 | Identified Roxanne's Incunabulum of Shape Shifting
 36503 | Spider:3 | Noticed Roxanne
 36750 | Spider:3 | Noticed Azrael
 36765 | Spider:3 | Killed Azrael
 37114 | Spider:4 | Entered Level 4 of the Spider Nest
 37445 | Spider:4 | Noticed Asterion
 37578 | Spider:4 | Killed Asterion
 37626 | Spider:4 | Identified the +8 tower shield "Forono" {rF+ rC+ Dex+4}
 37626 | Spider:4 | Noticed Louise
 37732 | Spider:4 | Killed Louise
 38118 | Spider:4 | Reached skill level 1 in Shields
 38824 | Spider:4 | Reached skill level 12 in Necromancy
 38850 | Spider:4 | Got a gossamer rune of Zot
 39566 | Shoals:2 | Killed Ilsuiw
 39642 | Shoals:2 | Found Ecatohosch's General Store.
 39659 | Shoals:2 | Bought the ring "Kov Ynekk" {rPois Dex+6} for 1184 gold
                  | pieces
 39659 | Shoals:2 | Bought a scroll of teleportation for 51 gold pieces
 40033 | Shoals:2 | Reached skill level 5 in Shields
 40033 | Shoals:2 | Reached XP level 17. HP: 136/141 MP: 32/32
 40264 | Shoals:2 | Found Nochapn's Assorted Antiques.
 40277 | Shoals:2 | Bought a potion of curing for 81 gold pieces
 40277 | Shoals:2 | Bought a potion of might for 108 gold pieces
 41680 | Shoals:4 | Entered Level 4 of the Shoals
 41994 | Shoals:4 | Found the necklace of Bloodlust {*Rage +Rage Will++ Int-3
                  | Slay+6}
 42073 | Shoals:4 | Identified the +2 broad axe of Integrity {vorpal, *Rage
                  | rPois rN+}
 42387 | Shoals:4 | Identified the +7 fustibalus "Killer Klown's Foe" {venom,
                  | Will+ MP-9 SInv}
 42726 | Shoals:4 | Got a barnacled rune of Zot
 43104 | Vaults:1 | Entered Level 1 of the Vaults
 43411 | Vaults:1 | Identified the +1 scale mail of the Orcish Mines {Will+}
 43650 | Vaults:1 | Reached skill level 13 in Necromancy
 43938 | Vaults:1 | Reached XP level 18. HP: 130/149 MP: 25/33
 44848 | Vaults:1 | Found Yteugey's General Store.
 44858 | Vaults:1 | Bought a +0 cloak of preservation for 195 gold pieces
 45001 | Vaults:2 | Found Veacaucyo's Jewellery Boutique.
 45035 | Vaults:2 | Found Hek Imno's Weapon Shop.
 45221 | Vaults:2 | Reached skill level 10 in Shields
 45488 | Vaults:2 | Found Foynnew's Antique Weapon Shoppe.
 45555 | Vaults:2 | Paralysed by a sphinx for 5 turns
 45702 | Vaults:2 | Identified the +1 leather armour "Vunwos" {Str+4 Int+5
                  | Dex-3}
 45750 | Vaults:2 | Found Gofonkoqe's Magic Scroll Emporium.
 45761 | Vaults:2 | Bought a scroll of teleportation for 36 gold pieces
 45761 | Vaults:2 | Bought a scroll of teleportation for 36 gold pieces
 45761 | Vaults:2 | Bought a scroll of teleportation for 36 gold pieces
 45856 | Vaults:2 | Found Qovuorph's Magic Scroll Boutique.
 45865 | Vaults:2 | Bought a scroll of fog for 28 gold pieces
 45865 | Vaults:2 | Bought a scroll of blinking for 105 gold pieces
 45865 | Vaults:2 | Bought a scroll of fear for 49 gold pieces
 46138 | Vaults:2 | Found a staircase to the Crypt.
 46211 | Vaults:3 | Found a flickering gateway to a bazaar.
 46228 | Bazaar   | Entered a bazaar
 46231 | Bazaar   | Found Raminib's Weapon Shop.
 46259 | Bazaar   | Found Hoifozar's Assorted Antiques.
 46259 | Bazaar   | Found Topeem's Book Shop.
 46285 | Bazaar   | Found Imeuczuo's Distillery.
 46293 | Bazaar   | Bought a potion of haste for 190 gold pieces
 46313 | Bazaar   | Bought a scroll of fog for 46 gold pieces
 46313 | Bazaar   | Bought a scroll of fog for 46 gold pieces
 46313 | Bazaar   | Bought a scroll of teleportation for 69 gold pieces
 46313 | Bazaar   | Bought a potion of curing for 69 gold pieces
 47423 | Vaults:4 | Reached skill level 14 in Necromancy
 47748 | Vaults:4 | Reached XP level 19. HP: 156/156 MP: 24/34
 48338 | Vaults:4 | Found Toineynu's Assorted Antiques.
 48363 | Vaults:4 | Found Iluaschytuu's Book Shop.
 48416 | Vaults:4 | Found Beck's Antique Weapon Boutique.
 48475 | Vaults:4 | Found Fapel's Book Shoppe.
 48930 | Vaults:4 | Found Buxkow's Antique Armour Boutique.
 49681 | Depths:1 | Entered Level 1 of the Depths
 50030 | Depths:1 | Found a gateway to a ziggurat.
 50349 | Depths:1 | Found a gateway to Hell.
 50458 | Depths:1 | Acquired the ring of Donnour {rElec rPois rN+ MP+9}
 50657 | Vaults:4 | Bought a pair of polished gloves for 323 gold pieces
 50657 | Vaults:4 | Identified the +2 pair of gloves of the Centipede {rElec
                  | rPois Dex-2 Slay+6} (You bought it in a shop on level 4 of
                  | the Vaults)
 50859 | Depths:1 | Found Motyidoxe's General Store.
 50896 | Depths:1 | Found Qoseil's Weapon Shoppe.
 51154 | Depths:1 | Reached skill level 15 in Necromancy
 51192 | Depths:1 | Noticed an ancient lich
 51235 | Depths:1 | Killed an ancient lich
 51566 | Depths:1 | Identified the Handbook of the Elephant
 51732 | Depths:2 | Reached XP level 20. HP: 160/162 MP: 25/35
 51795 | Depths:2 | Paralysed by a floating eye for 2 turns
 51900 | Depths:2 | Found a one-way gate to the infinite horrors of the Abyss.
 51964 | Depths:2 | Noticed Saint Roka
 51978 | Depths:2 | Killed Saint Roka
 52009 | Depths:2 | Reached skill level 15 in Shields
 52951 | Depths:3 | Found a one-way gate leading to the halls of Pandemonium.
 53275 | Depths:3 | Paralysed by a great orb of eyes for 4 turns
 53444 | Depths:3 | Reached skill level 16 in Necromancy
 54812 | Depths:4 | Reached XP level 21. HP: 141/170 MP: 28/36
 54880 | Depths:4 | Noticed a golden dragon
 54906 | Depths:4 | Identified the +8 long sword "Pendulum" {antimagic, rF+ rN+
                  | Str+2}
 54906 | Depths:4 | Identified the ring "Cixtesas" {Fly rPois}
 54909 | Depths:4 | Noticed a juggernaut
 54917 | Depths:4 | Killed a juggernaut
 54937 | Depths:4 | Killed a golden dragon
 55004 | Depths:4 | Noticed a golden dragon
 55018 | Depths:4 | Killed a golden dragon
 55039 | Depths:4 | Paralysed by a floating eye for 4 turns
 55426 | Depths:4 | Noticed a juggernaut
 55434 | Depths:4 | Killed a juggernaut
 55436 | Depths:4 | Identified the +8 hand crossbow of Katzela {venom, rElec
                  | rN+++ Dex-2 Stlth+}
 55591 | Depths:4 | Identified the +0 robe of the Salamander {-Tele +Inv rCorr
                  | Str+4}
 55808 | Depths:5 | Entered Level 5 of the Depths
 55808 | Depths:5 | Found Xyxkieso's Weapon Shop.
 55817 | Depths:5 | Found Cogiav's Book Shoppe.
 55950 | Depths:5 | Found Picwut's Book Shop.
 55981 | Depths:5 | Found Tasasm's Book Boutique.
 55993 | Depths:5 | Found a magical portal.
 56007 | WizLab   | Entered The Roulette of Golubria
 56007 | WizLab   | Found a transporter.
 56063 | WizLab   | Found a transporter.
 56083 | WizLab   | Found a transporter.
 56100 | WizLab   | Found a transporter.
 56117 | WizLab   | Found a transporter.
 56151 | WizLab   | Found a transporter.
 56209 | WizLab   | Found a transporter.
 56218 | WizLab   | Found a transporter.
 56260 | WizLab   | Found a transporter.
 56300 | WizLab   | Found a transporter.
 56415 | WizLab   | Found a transporter.
 56560 | WizLab   | Found a transporter.
 56636 | WizLab   | Identified Golubria's Handbook of the Traveller
 56643 | WizLab   | Found a transporter.
 56643 | WizLab   | Found a transporter.
 56670 | WizLab   | Found a transporter.
 56670 | WizLab   | Found a transporter.
 56688 | WizLab   | Identified Golubria's Guide on Translocation
 56697 | WizLab   | Found a transporter.
 56736 | WizLab   | Identified the -1 cloak of Mezcal {Str+4 Int+2}
 56737 | WizLab   | Identified the +0 cloak of the Arcane {rN+}
 56739 | WizLab   | Found a transporter.
 56798 | WizLab   | Identified the +2 cloak of Pushubrama {Regen+}
 56932 | WizLab   | Found a transporter.
 56932 | WizLab   | Found a transporter.
 57108 | Depths:5 | Bought the +10 morningstar "Eschosipn" {antimagic, Will+
                  | Str+4 Int+2} for 1046 gold pieces
 57138 | Depths:5 | Found Wop Vi Oga's Magic Scroll Boutique.
 57217 | Depths:5 | Noticed a juggernaut
 57230 | Depths:5 | Killed a juggernaut
 57241 | Depths:5 | Upgraded the game from 0.27-a0-887-gcab673c142 to
                  | 0.27-a0-898-g810843a28d
 57293 | Depths:5 | Found a runed translucent gate.
 57293 | Depths:5 | Found a runed translucent gate.
 57293 | Depths:5 | Found a runed translucent gate.
 57353 | Depths:5 | Noticed a caustic shrike
 57564 | Depths:5 | Reached XP level 22. HP: 181/181 MP: 28/37
 57587 | Depths:5 | Found a gate to the Realm of Zot.
 57721 | Depths:5 | Noticed Famah's ghost (veteran TrDe)
 57721 | Depths:5 | Identified the ring "Kievvo" {Fly rPois rF+ Str+6 Stlth-}
 57820 | Depths:5 | Reached skill level 17 in Necromancy
 58635 | Depths:5 | Bought a scroll of summoning for 142 gold pieces
 58635 | Depths:5 | Bought a scroll of teleportation for 45 gold pieces
 58707 | Depths:1 | Bought a potion of might for 64 gold pieces
 58714 | Depths:1 | Learned a level 6 spell: Death Channel
 58720 | Depths:1 | Learned a level 5 spell: Borgnjor's Vile Clutch
 59007 | Shoals:2 | Learned a level 3 spell: Portal Projectile
 59013 | Shoals:2 | Learned a level 5 spell: Manifold Assault
 59137 | Slime:1  | Entered Level 1 of the Pits of Slime
 60240 | Slime:2  | Paralysed by a floating eye for 2 turns
 60529 | Slime:5  | Entered Level 5 of the Pits of Slime
 60532 | Slime:5  | Gained mutation: Armour fits poorly on your strangely
                  | shaped body. [a shining eye]
 60534 | Slime:5  | Lost mutation: Armour fits poorly on your strangely shaped
                  | body. [potion of mutation]
 60534 | Slime:5  | Gained mutation: Your flesh is heat resistant. (rF+)
                  | [potion of mutation]
 60534 | Slime:5  | Gained mutation: You are covered in fur. (AC +1) [potion of
                  | mutation]
 60534 | Slime:5  | Gained mutation: You have a pair of small antennae on your
                  | head. [potion of mutation]
 60534 | Slime:5  | Gained mutation: Your flesh is cold resistant. (rC+)
                  | [potion of mutation]
 60570 | Slime:5  | Gained mutation: Your spells are a little easier to cast,
                  | but a little less powerful. [a shining eye]
 60636 | Slime:5  | Noticed the Royal Jelly
 60648 | Slime:5  | Killed the Royal Jelly
 60660 | Slime:5  | Reached skill level 10 in Armour
 60914 | Slime:5  | Identified the Catalogue of Orientation
 60915 | Slime:5  | Found the +3 warlock's mirror {reflect}
 60917 | Slime:5  | Identified the ring "Vooromom" {+Inv rElec rN+ Will- EV+4}
 60918 | Slime:5  | Found the +8 mithril axe "Arga" {speed, Will+}
 60918 | Slime:5  | Found the +7 Spriggan's Knife {stab, EV+4 Stlth+}
 60943 | Slime:5  | Identified the amulet "Aschawat" {Acrobat rN++}
 60957 | Slime:5  | Identified the +8 falchion of Peril {vorpal, rPois}
 60971 | Slime:5  | Identified the +8 fustibalus "Goblinslayer" {flame, rElec}
 60976 | Slime:5  | Got a slimy rune of Zot
 61231 | Lair:5   | Killed Meonig's ghost
 61372 | Lair:1   | Lost mutation: You are covered in fur. (AC +1) [potion of
                  | mutation]
 61372 | Lair:1   | Lost mutation: Your flesh is cold resistant. (rC+) [potion
                  | of mutation]
 61372 | Lair:1   | Gained mutation: Your flesh is cold resistant. (rC+)
                  | [potion of mutation]
 61372 | Lair:1   | Gained mutation: You tend to lose your temper in combat.
                  | [potion of mutation]
 61372 | Lair:1   | Gained mutation: You have a somewhat thin skeletal
                  | structure. (Dex +2, Stealth) [potion of mutation]
 61373 | Lair:1   | Lost mutation: You have a pair of small antennae on your
                  | head. [potion of mutation]
 61373 | Lair:1   | Lost mutation: You tend to lose your temper in combat.
                  | [potion of mutation]
 61373 | Lair:1   | Lost mutation: You have a somewhat thin skeletal structure.
                  | (Dex +2, Stealth) [potion of mutation]
 61373 | Lair:1   | Gained mutation: You evolve. [potion of mutation]
 61586 | Vaults:5 | Entered Level 5 of the Vaults
 61591 | Vaults:5 | Reached skill level 18 in Necromancy
 61591 | Vaults:5 | Reached XP level 23. HP: 170/191 MP: 32/38
 61663 | Vaults:5 | Noticed Jory
 61690 | Vaults:5 | Killed Jory
 61718 | Vaults:5 | Identified the +8 falchion "Nifios" {protect, Str+4}
 62058 | Vaults:5 | Identified the +5 leather armour of Zeydwo {rElec rC+ SInv}
 62086 | Vaults:5 | Got a silver rune of Zot
 62693 | Vaults:5 | Noticed a dread lich
 62706 | Vaults:5 | Killed a dread lich
 62851 | Vaults:5 | Identified the +0 ice dragon scales of the Barnacle {*Slow
                  | rF- rC++ Slay+4}
 63043 | Vaults:5 | Identified the +4 rapier of Evil {vorpal, Will+ Dex+2 SInv}
 63049 | Vaults:5 | Identified Nituanaa's Almanac of Ghastly Weightlessness
 63217 | Vaults:5 | Identified Ziovoc's Almanac of the Toxic Snowflakes
 63351 | Vaults:5 | Identified the +0 scale mail of Oghuawagg {rN+ Regen+
                  | Str-2}
 63797 | Lair:5   | Voluntarily entered the Abyss.
 64340 | Abyss:1  | Reached skill level 19 in Necromancy
 64715 | Abyss:2  | Reached XP level 24. HP: 151/161 MP: 38/38
 64726 | Abyss:2  | Gained mutation: You are partially covered in iridescent
                  | scales. (AC +2) [evolution]
 65283 | Abyss:2  | Paralysed by accursed screaming for 1 turns
 65789 | Abyss:3  | Paralysed by a floating eye for 4 turns
 65838 | Abyss:3  | Got an abyssal rune of Zot
 65863 | Lair:5   | Escaped the Abyss
 66168 | Depths:5 | Bought a manual of Armour for 1987 gold pieces
 66235 | Zot:1    | Entered Level 1 of the Realm of Zot
 66594 | Zot:1    | Reached skill level 10 in Translocations
 67569 | Zot:2    | Noticed a Killer Klown
 67585 | Zot:2    | Killed a Killer Klown
 68501 | Zot:3    | Reached skill level 20 in Necromancy
 68695 | Zot:3    | Reached XP level 25. HP: 211/211 MP: 38/38
 69449 | Zot:4    | Reached skill level 15 in Armour
 70401 | Zot:5    | Entered Level 5 of the Realm of Zot
 70746 | Vaults:2 | Bought a scroll of silence for 105 gold pieces
 70838 | Vaults:4 | Bought a scroll of fear for 119 gold pieces
 70838 | Vaults:4 | Bought a scroll of enchant armour for 255 gold pieces
 70928 | Vaults:1 | Gained mutation: You sometimes lose the ability to read
                  | scrolls when taking damage. [evolution]
 71154 | Zot:5    | Lost mutation: Your flesh is heat resistant. (rF+) [potion
                  | of mutation]
 71154 | Zot:5    | Lost mutation: You are partially covered in iridescent
                  | scales. (AC +2) [potion of mutation]
 71154 | Zot:5    | Gained mutation: Your muscles are strong. (Str +2) [potion
                  | of mutation]
 71154 | Zot:5    | Gained mutation: You expend magic power (3 MP) to
                  | strengthen your wands. [potion of mutation]
 71155 | Zot:5    | Lost mutation: You expend magic power (3 MP) to strengthen
                  | your wands. [potion of mutation]
 71155 | Zot:5    | Lost mutation: You sometimes lose the ability to read
                  | scrolls when taking damage. [potion of mutation]
 71155 | Zot:5    | Gained mutation: Your body sometimes deteriorates upon
                  | taking damage. [potion of mutation]
 71155 | Zot:5    | Gained mutation: You rapidly evolve. [potion of mutation]
 71527 | Zot:5    | Noticed an orb of fire
 71527 | Zot:5    | Gained mutation: Armour fits poorly on your strangely
                  | shaped body. [an orb of fire]
 71537 | Zot:5    | Reached skill level 15 in Fighting
 71546 | Zot:5    | Gained mutation: You are frail. (-10% HP) [an orb of fire]
 71547 | Zot:5    | Killed an orb of fire
 71549 | Zot:5    | Noticed a dread lich
 71555 | Zot:5    | Noticed an ancient lich
 71565 | Zot:5    | Killed an ancient lich
 71589 | Zot:5    | Noticed an orb of fire
 71601 | Zot:5    | Noticed an orb of fire
 71624 | Zot:5    | Lost mutation: Armour fits poorly on your strangely shaped
                  | body. [potion of mutation]
 71624 | Zot:5    | Lost mutation: You are frail. (-10% HP) [potion of
                  | mutation]
 71624 | Zot:5    | Lost mutation: Your body sometimes deteriorates upon taking
                  | damage. [potion of mutation]
 71624 | Zot:5    | Gained mutation: Your flesh is heat resistant. (rF+)
                  | [potion of mutation]
 71624 | Zot:5    | Gained mutation: You are partially covered in iridescent
                  | scales. (AC +2) [potion of mutation]
 71624 | Zot:5    | Gained mutation: You are agile. (Dex +2) [potion of
                  | mutation]
 71787 | Zot:5    | Killed a dread lich
 72001 | Zot:5    | Reached skill level 21 in Necromancy
 72118 | Zot:5    | Reached XP level 26. HP: 222/222 MP: 38/38
 72212 | Zot:5    | Lost mutation: You are agile. (Dex +2) [an orb of fire]
 72221 | Zot:5    | Gained mutation: You are strong-willed. (Will+) [an orb of
                  | fire]
 72226 | Zot:5    | Killed an orb of fire
 72546 | Zot:5    | Reached skill level 15 in Axes
 72750 | Zot:5    | Gained mutation: You sometimes lose the ability to read
                  | scrolls when taking damage. [an orb of fire]
 72759 | Zot:5    | Killed an orb of fire
 73089 | Zot:5    | Got the Orb of Zot
 73616 | D:$      | Escaped with the Orb!

Illustrated notes

Levels and vault maps discovered:
D:1:      lemuel_arrival_rhombus, layout_basic, shapermc_ecumenical_altar_venn
D:2:      layout_basic, minmay_unequal
D:3:      layout_basic, lemuel_coloured_pillars_altar
D:4:      layout_rooms, lemuel_mausoleum_altar_kikubaaqudgha
D:5:      layout_rooms, st_stairs_4, guppyfry_early_lair_pool,
          uniq_crazy_yiuf_cottage
D:6:      minmay_angry_zag, layout_rooms
D:7:      layout_basic, old_standard_altar, temple_fountains,
          gammafunk_ghost_smash, uniq_duvessa, uniq_harold, uniq_prince_ribbit1,
          uniq_menkaure
D:8:      layout_loops_ring, okawaru_trees_2, grunt_ministairs_15, uniq_psyche
D:9:      layout_basic, nemelex_diamond_rough_becter, hiddenorc2_lemuel,
          serial_shops, nicolae_shop_behind_doors, enter_bailey_5
D:10:     layout_rooms, lair_entry_dummy, special_room [special_room_orc],
          minmay_orc_keep, uniq_erolcha, uniq_erica, uniq_josephine
D:11:     layout_loops_cross, serial_shops,
          nicolae_shop_temple_entry_statues_fountains
D:12:     layout_basic, serial_shops, nicolae_shop_waterfront, shop_fountains,
          uniq_sonja
D:13:     layout_roguey [special_room_orc], lightli_vaults_fourway_checkpoint,
          portal_ice_cave_entry_imps
D:14:     layout_stronghold, nicolae_qazlal_style_of_elements,
          gammafunk_ghost_spectres
D:15:     gammafunk_depths_entry_grave, layout_gridville, serial_park_avenue1
Lair:1:   layout_chaotic_city, serial_bayou_shore_a, grunt_megastairs_4,
          serial_bayou_shore_b
Lair:2:   layout_chaotic_city
Lair:3:   layout_roguey
Lair:4:   layout_roguey, elwin_shoals_entry_rooms,
          nicolae_spider_entry_non_spiders, chequers_serial_rivers_small_3
Lair:5:   layout_gridlike, gammafunk_ghost_abyssal_escape
Lair:6:   grunt_lair_end_beastmaster, layout_loops_ring,
          dpeg_slime_entry_corner, basic_altar, grunt_megastairs_5
Shoals:1: layout_shoals, serial_shops, shop, lemuel_oklob_altar
Shoals:2: layout_shoals, serial_shops, nicolae_shop_behind_doors,
          nicolae_shop_temple_entry_statues_fountains, uniq_ilsuiw
Shoals:3: layout_shoals
Shoals:4: shoals_end_simple, layout_shoals
Spider:1: layout_spider_delve, guppyfry_spider_mini_3
Spider:2: layout_spider_delve
Spider:3: layout_spider_delve, uniq_arachne, uniq_roxanne, uniq_azrael,
          uniq_jorgrun
Spider:4: grunt_spider_rune_circles, uniq_asterion, uniq_louise
Slime:1:  layout_caves, nicolae_slime_phagocytosis
Slime:2:  layout_caves
Slime:3:  layout_caves, cheibrodos_slime_lost_civilization_7
Slime:4:  layout_caves
Slime:5
Orc:1:    layout_caves, basic_altar
Orc:2:    st_orc_mages, layout_caves
Vaults:1: grunt_vaults_trifunnel, nicolae_vaults_circle_grid_b, v_misc_25,
          vaults_room_ringed_pool, ontoclasm_vaults_spin,
          nicolae_vaults_three_branches, layout_vaults_omnigrid, serial_shops,
          shop
Vaults:2: v_misc_17, nicolae_vaults_know_your_exits, v_misc_25,
          vaults_room_semicircle, vaults_standard_mumra_enter_the_diamond,
          vaults_mumra_chevron_long, hangedman_vaults_trim,
          ontoclasm_vaults_ring_square, ontoclasm_vaults_shuriken,
          layout_vaults_omnibox, minmay_crypt_entry_simple_plaza, serial_shops,
          shop_coins, nicolae_shop_statue_plus, nicolae_shop_crystal,
          shop_statue, shop
Vaults:3: vaults_room_guarded_vault, ontoclasm_vaults_twist,
          vaults_mumra_hexcomb, nicolae_vaults_back_hallway, v_rooms_4,
          v_alt_pattern_4, v_misc_14, ontoclasm_vaults_loading_screen,
          nicolae_vaults_little_squares_3, vaults_room_fours,
          layout_vaults_omnicross, serial_shops, bzr_entry_gold
Vaults:4: vaults_room_fours, ontoclasm_vaults_pinch, v_misc_25,
          nicolae_vaults_network_periphery, nicolae_vaults_alarming,
          vaults_mumra_chevron, nicolae_vaults_little_squares_6, v_misc_4,
          hangedman_vaults_unwind, ontoclasm_vaults_idyll, vaults_room_grid,
          nicolae_vaults_little_squares_2, vaults_room_pool, layout_vaults_ring,
          serial_shops, nicolae_shop_waterfront, shop, shop_statue, shop,
          nicolae_shop_waterfront
Vaults:5: uniq_jory
Depths:1: layout_cave_shapes, enter_ziggurat_b, pf_hell_entry_tar_spiral,
          special_room [special_room_morgue], chequers_serial_rivers_room_b,
          fiery_altar_vehumet, minmay_shop_star
Depths:2: hangedman_stitches_corridor, layout_cave_pools,
          hangedman_abyss_or_decor_clamps, hell_entry, serial_column_ruins,
          column_ruins_portal_hut, column_ruins_corridor_straight,
          column_ruins_corridor_straight, column_ruins_grid_1,
          column_ruins_columns_dead_end, column_ruins_corridor_dead_end,
          column_ruins_grid_4, column_ruins_columns_straight, uniq_saint_roka
Depths:3: minmay_thick_lines, layout_basic, hell_entry, abyss_entry_crystal,
          rand_demon_pan_entry_8, tgw_sif
Depths:4: little_maze_vault, layout_twisted_cross, serial_sigils,
          serial_sigils_hangedman_leer, serial_sigils_hangedman_confine,
          serial_sigils_hangedman_writhe, serial_sigils_hangedman_snap,
          abyss_entry, hell_entry
Depths:5: grunt_zot_entry_tricorne, layout_cave_pools, serial_shops, shop,
          shop_fountains, nicolae_shop_stone, shop, shop_fountains,
          nicolae_two_hexagons, gammafunk_ghost_tricky_traps,
          nicolae_abyss_entry_one_way_or_another, hell_entry, mu_enter_wizlab_4,
          minmay_stone_trees_small
Zot:1:    layout_concentric_octagons
Zot:2:    kennysheep_blocky_room, layout_misc_corridors
Zot:3:    layout_gridlike, hangedman_zot_gyre
Zot:4:    layout_gridlike, st_large_dragon_hoard_1
Zot:5:    layout_onion

Skill      XL: |  1  2  3  4  5  6  7  8  9 10 11 12 13 14 15 16 17 18 19 20 21 22 23 24 25 26 |
---------------+-------------------------------------------------------------------------------+-----
Fighting       | 2 3 4 5 6 8 9 10 11 12 13 14 15 | 15.8
Slings         | 4 5 6 7 8 9 11 12 13 14 | 14.0
Dodging        | 4 5 6 7 9 |  9.4
Armour         | 3 5 6 7 8 10 11 14 17 | 17.4
Axes           | 3 8 11 12 13 14 15 | 15.1
Necromancy     | 2 6 7 9 10 12 13 14 15 16 18 19 20 21 | 21.6
Translocations | 4 6 8 9 10 | 10.6
Spellcasting   | 4 6 7 |  7.0
Maces & Flails | 4 9 12 14 | 14.5
Hexes          | 2 4 |  4.3
Shields        | 5 9 12 14 16 18 19 20 | 20.4
Stealth        | |  0.8

Action                   |  1- 3 |  4- 6 |  7- 9 | 10-12 | 13-15 | 16-18 | 19-21 | 22-24 | 25-27 || total
-------------------------+-------+-------+-------+-------+-------+-------+-------+-------+-------++-------
Melee: Short sword       |       |     4 |       |       |       |       |       |       |       ||     4
       Broad axe         |       |       |       |   371 |   541 |    13 |    27 |   260 |    78 ||  1290
       War axe           |       |       |       |    22 |       |       |       |       |       ||    22
       Eveningstar       |       |       |       |       |   598 |   876 |   820 |   717 |   196 ||  3207
       Morningstar       |       |       |       |       |       |       |       |     9 |    47 ||    56
 Fire: Hunting sling     |   108 |   170 |   498 |   805 |   845 |   332 |       |       |       ||  2758
       Fustibalus        |       |       |       |       |       |   323 |   696 |   433 |   238 ||  1690
Throw: Dart              |    30 |    15 |    59 |   136 |     3 |    44 |       |       |       ||   287
       Throwing net      |       |       |     1 |       |       |     3 |     3 |     1 |       ||     8
       Boomerang         |       |       |       |     4 |       |       |       |       |       ||     4
 Cast: Animate Dead      |       |       |       |       |     6 |     2 |       |    13 |     1 ||    22
       Corona            |       |       |       |       |     5 |       |       |       |       ||     5
       Blink             |       |       |       |       |     1 |     3 |     1 |       |       ||     5
       Agony             |       |       |       |       |     1 |       |       |       |       ||     1
       Portal Projectile |       |       |       |       |       |       |       |     6 |     4 ||    10
       Death Channel     |       |       |       |       |       |       |       |    23 |     7 ||    30
Evoke: Wand              |       |       |     1 |    23 |    42 |    12 |     2 |     5 |     1 ||    86
       Condenser vane    |       |       |       |     2 |     2 |     5 |     2 |       |       ||    11
       Tin of tremorston |       |       |       |       |     6 |     4 |     1 |       |       ||    11
       Phial of floods   |       |       |       |       |       |     1 |     3 |       |       ||     4
       Box of beasts     |       |       |       |       |       |       |       |     1 |       ||     1
  Use: Scroll            |     4 |     2 |     3 |    16 |     6 |    13 |     9 |     8 |     9 ||    70
       Potion            |       |     1 |     2 |     3 |     3 |     2 |       |     8 |     5 ||    24
 Stab: Sleeping          |       |       |       |     1 |     1 |       |       |       |       ||     2
       Distracted        |       |       |       |       |     2 |       |       |    16 |     5 ||    23
       Held in net/web   |       |       |       |       |       |     4 |       |     3 |       ||     7
       Confused          |       |       |       |       |       |     8 |       |       |       ||     8
Armor: Ring mail         |    19 |    17 |       |       |   244 |       |       |       |       ||   280
       Skin              |       |     6 |       |       |       |       |       |       |       ||     6
       Scale mail        |       |    12 |    93 |    65 |   208 |       |       |       |       ||   378
       Plate armour      |       |       |       |   378 |   192 |   513 |   286 |   214 |    58 ||  1641
       Leather armour    |       |       |       |       |   103 |       |       |       |       ||   103
Dodge: Dodged            |    42 |    34 |   128 |   466 |  1284 |   333 |   214 |   226 |    81 ||  2808
Block: Tower shield      |       |       |       |       |       |  1199 |  1100 |  1080 |   313 ||  3692

Table legend: (Time is in decaauts)
 A = Elapsed time spent in this place.
 B = Non-inter-level travel time spent in this place.
 C = Inter-level travel time spent in this place.
 D = Time resting spent in this place.
 E = Time spent auto-exploring this place.
 F = Levels seen in this place.
 G = Mean time per level.
                   A        B        C        D        E       F      G
               +--------+--------+--------+--------+--------+-----+--------+
         Total |  72303 |  64162 |   8141 |   4171 |  41908 |  57 | 1268.5 |
       Dungeon |  24775 |  21839 |   2936 |   3074 |  13598 |  15 | 1651.7 |
          Lair |   8619 |   6867 |   1752 |     51 |   4838 |   6 | 1436.5 |
        Shoals |   4719 |   4230 |    489 |    201 |   2838 |   4 | 1179.8 |
   Spider Nest |   4745 |   4553 |    192 |    295 |   2875 |   4 | 1186.2 |
    Slime Pits |   1897 |   1773 |    124 |    101 |    914 |   5 |  379.4 |
  Orcish Mines |   1552 |   1476 |     76 |    113 |    869 |   2 |  776.0 |
        Vaults |   8536 |   7457 |   1079 |     78 |   5166 |   5 | 1707.2 |
        Depths |   7770 |   6705 |   1065 |     71 |   4512 |   5 | 1554.0 |
           Zot |   6234 |   5808 |    426 |    165 |   4274 |   5 | 1246.8 |
         Abyss |   1926 |   1926 |      0 |     14 |   1282 |   3 |  642.0 |
        Bazaar |    110 |    110 |      0 |      0 |     64 |   1 |  110.0 |
      Ice Cave |    485 |    485 |      0 |      3 |    126 |   1 |  485.0 |
        Wizlab |    930 |    930 |      0 |      0 |    550 |   1 |  930.0 |
               +--------+--------+--------+--------+--------+-----+--------+

Top non-repeatable levels by time:
     D:9: 4246 daAuts
     D:7: 2822 daAuts
    D:10: 2209 daAuts
Vaults:1: 2057 daAuts
Spider:4: 1942 daAuts
Vaults:5: 1936 daAuts
   Zot:5: 1927 daAuts
Depths:4: 1904 daAuts
     D:4: 1884 daAuts
Vaults:4: 1784 daAuts
Depths:1: 1777 daAuts
  Lair:1: 1740 daAuts
     D:6: 1727 daAuts
  Lair:2: 1694 daAuts
  Lair:4: 1583 daAuts
